 Dungeon Crawl Stone Soup version 0.27-a0-1060-gcb85b5eba1 (webtiles) character file.

Game seed: 8311956405497704879

721 senseless the Skirmisher (level 7, -1/61 (66) HPs)
             Began as a Minotaur Fighter on Apr 21, 2021.
             Was an Initiate of Okawaru.
             Slain by a wight
             ... wielding a +3 dagger of freezing
              (2 damage)
             ... on level 4 of the Dungeon.
             The game lasted 00:08:53 (5081 turns).

senseless the Skirmisher (Minotaur Fighter)         Turns: 5081, Time: 00:08:54

HP:   -1/61 (66)    AC:  8    Str: 22    XL:     7   Next: 42%
MP:   6/6           EV:  8    Int: 11    God:    Okawaru [......]
Gold: 159           SH: 11    Dex: 10    Spells: 6/6 levels left

rFire    . . .     SeeInvis .   a - +1 long sword
rCold    . . .     Faith    .   c - +1 kite shield
rNeg     . . .     Spirit   .   b - +0 scale mail
rPois    .         Reflect  .   (helmet restricted)
rElec    .         Harm     .   (no cloak)
rCorr    .         Rampage  .   o - +0 pair of gloves
Will     .....                  (no boots)
Stlth    ..........             (no amulet)
HPRegen  0.20/turn              n - +6 ring of intelligence
MPRegen  0.10/turn              (no ring)

@: drained
A: horns 2, retaliatory headbutt
a: Renounce Religion


You were on level 4 of the Dungeon.
You worshipped Okawaru.
Okawaru was noncommittal.
You visited 2 branches of the dungeon, and saw 5 of its levels.

You collected 159 gold pieces.

Inventory:

Hand Weapons
 a - a +1 long sword (weapon)
 m - a +2 vorpal flail
Armour
 b - a +0 scale mail (worn)
 c - a +1 kite shield (worn)
 o - a +0 pair of gloves (worn)
Jewellery
 f - the amulet "Ofir" {Acrobat Str+4}
   (You found it on level 3 of the Dungeon)

   [amulet of the acrobat]

   It increases your evasion while moving and waiting.
   It affects your strength (+4).
 n - a +6 ring of intelligence (left hand)
Scrolls
 i - a scroll of identify
 k - a scroll of teleportation
Potions
 d - a potion of might
 e - a potion of magic
 g - 3 potions of resistance
 h - a potion of ambrosia {unknown}
 j - a potion of curing {unknown}
 l - 2 potions of brilliance
 p - a potion of heal wounds {unknown}


   Skills:
 * Level 7.2 Fighting
 + Level 5.0 Long Blades
 + Level 5.7 Armour
 + Level 5.6 Shields


You had 6 spell levels left.
You didn't know any spells.
Your spell library contained the following spells:

 Spells                   Type           Power      Damage    Failure   Level
 Corona                   Hex            0%         N/A       96%         1
 Ensorcelled Hibernation  Hex/Ice        0%         N/A       99%         2
 Confusing Touch          Hex            0%         N/A       100%        3
 Dazzling Flash           Conj/Hex       0%         N/A       100%        3
 Tukima's Dance           Hex            0%         N/A       100%        3


Dungeon Overview and Level Annotations

Branches:
Dungeon (4/15)             Temple (1/1) D:4

Altars:
Gozag
Hepliaklqana
Kikubaaqudgha
Makhleb
Nemelex Xobeh
Okawaru
Ru
Sif Muna
Trog
Vehumet
Wu Jian
Yredelemnul
Zin
The Shining One

Shops:
D:4 ?*!

Annotations:
D:3 Menkaure
D:4 3 runed translucent doors, funkygono's ghost, amateur GrFE


Innate Abilities, Weirdness & Mutations

You have a pair of horns on your head.
You reflexively headbutt those who attack you in melee.


Message History

The wight is severely damaged.
You block the wight's attack.
You closely miss the wight. You headbutt the wight.
The wight is severely damaged.
The wight barely misses you. You furiously retaliate!
You headbutt the wight, but do no damage.
The wight hits you with a +3 dagger of freezing.
You feel drained. The wight freezes you.
You hit the wight but do no damage.
The wight is severely damaged.
You block the wight's attack.
You hit the wight. Your headbutt misses the wight.
The wight is almost destroyed.
The wight hits you with a +3 dagger of freezing.
The wight freezes you.
You closely miss the wight.
The wight is almost destroyed.
You block the wight's attack.
The wight hits you with a +3 dagger of freezing.
* * * LOW HITPOINT WARNING * * *
The wight freezes you.
* * * LOW HITPOINT WARNING * * *
You hit the wight but do no damage. Your headbutt misses the wight.
The wight is almost destroyed.
You block the wight's attack.
You completely miss the wight.
The wight is almost destroyed.
The wight hits you with a +3 dagger of freezing!
* * * LOW HITPOINT WARNING * * *
The wight freezes you.
* * * LOW HITPOINT WARNING * * *
You hit the wight but do no damage.
The wight is almost destroyed.
You block the wight's attack.
The wight hits you with a +3 dagger of freezing.
* * * LOW HITPOINT WARNING * * *
You feel drained.
* * * LOW HITPOINT WARNING * * *
The wight freezes you.
You die...

....#
................#
...##
.##.#####.......#
..## #.
#.......#### ###
# #. #.......#
..##
..##.##[......#
...##
.....+...$..## #
....#
#.........#.$8
....#
#..$.).$.$.$._
....#
##.)z@....#.$8#
...##
#..###########
..## ..... ###
#...... #......
#...... #......
#......


You could see a wight.

Vanquished Creatures
  2 ogres
  A centaur (D:3)
  2 wights (D:4)
  A howler monkey (D:4)
  A hound (D:4)
  Jessica (D:2)
  A scorpion zombie (D:3)
  An iguana (D:4)
  A hound zombie (D:3)
  A hound skeleton (D:4)
  6 gnolls
  4 adders
  An ufetubus (D:3)
  An adder skeleton (D:4)
  2 worms (D:3)
  A dart slug (D:3)
  7 orcs
  6 ball pythons (D:1)
  5 endoplasms
  6 giant cockroaches
  7 goblins
  5 hobgoblins
  14 jackals
  3 quokkas
  A bat (D:1)
  6 frilled lizards
  7 kobolds
  5 rats
99 creatures vanquished.

Vanquished Creatures (collateral kills)
  A jackal zombie (D:3)
1 creature vanquished.

Grand Total: 100 creatures vanquished

Notes
Turn   | Place    | Note
-------+----------+-------------------------------------------
     0 | D:1      | senseless the Minotaur Fighter began the quest for the Orb.
     0 | D:1      | Reached XP level 1. HP: 19/19 MP: 0/0
    15 | D:1      | Found a faded altar of an unknown god.
    97 | D:1      | Reached XP level 2. HP: 27/27 MP: 1/1
   118 | D:1      | Reached skill level 4 in Fighting
   275 | D:1      | Reached XP level 3. HP: 33/33 MP: 2/2
   902 | D:2      | Reached XP level 4. HP: 31/41 MP: 3/3
  1081 | D:2      | Found a burning altar of Makhleb.
  1387 | D:2      | Noticed Jessica
  1394 | D:2      | Killed Jessica
  1627 | D:3      | Reached skill level 5 in Fighting
  1742 | D:3      | Found a basalt altar of Yredelemnul.
  1745 | D:3      | Noticed Menkaure
  1747 | D:3      | Found an ancient bone altar of Kikubaaqudgha.
  1765 | D:3      | Reached XP level 5. HP: 48/48 MP: 4/4
  1935 | D:3      | Found a transporter.
  1937 | D:3      | Found a transporter.
  2076 | D:3      | Noticed an ogre
  2081 | D:3      | Killed an ogre
  2082 | D:3      | Reached XP level 6. HP: 12/57 MP: 5/5
  2464 | D:3      | Reached skill level 6 in Fighting
  2516 | D:3      | Found a shimmering blue altar of Sif Muna.
  2539 | D:3      | Reached skill level 5 in Armour
  2635 | D:3      | Reached skill level 5 in Shields
  3771 | D:3      | Identified the amulet "Ofir" {Acrobat Str+4}
  4297 | D:4      | Found Kaomos's Elemental Accessories.
  4325 | D:4      | Found Amaefobo's Magic Scroll Shoppe.
  4348 | D:4      | Found a runed translucent gate.
  4350 | D:4      | Found a runed translucent gate.
  4350 | D:4      | Found a runed translucent gate.
  4353 | D:4      | Noticed funkygono's ghost (amateur GrFE)
  4479 | D:4      | Reached XP level 7. HP: 60/64 MP: 6/6
  4740 | D:4      | Found a staircase to the Ecumenical Temple.
  4750 | Temple   | Entered the Ecumenical Temple
  4936 | Temple   | Became a worshipper of Warmaster Okawaru
  5022 | D:4      | Found Radeum's Distillery.
  5038 | D:4      | Found an opulent altar of Gozag.
  5045 | D:4      | Reached skill level 7 in Fighting
  5054 | D:4      | Reached skill level 5 in Long Blades
  5081 | D:4      | HP: 2/62 [wight/+3 dagger of freezing (4)]
  5081 | D:4      | Slain by a wight

Illustrated notes

Levels and vault maps discovered:
D:1:      wander_arrival_chamber, layout_basic,
          hellmonk_ecumenical_altar_crossroads, chequers_serial_rivers_small_a
D:2:      layout_rooms, basic_altar, minmay_misc_feat_secret_circle,
          minmay_diced_spiral, uniq_jessica
D:3:      layout_basic, gammafunk_temple_of_torment, old_standard_altar,
          mrwooster_statue_mirror
D:4:      kennysheep_six_static_rooms, layout_basic, grunt_gozag_breadcrumbs,
          minmay_temple_entry_gardened_gates, gammafunk_ghost_necromancy,
          serial_shops, shop, shop, kennysheep_mini_moat, nicolae_shop_stone,
          kennysheep_little_box, supply_closet_lemuel, nicolae_elemental_shop,
          uniq_crazy_yiuf_cottage
Temple:   dpeg_chambers_temple

Skill      XL: |  1  2  3  4  5  6  7 |
---------------+----------------------+-----
Fighting       | 4 5 6 7 |  7.2
Shields        | 4 5 |  5.6
Armour         | 4 5 |  5.7
Long Blades    | 3 4 5 |  5.0

Action                   |  1- 3 |  4- 6 |  7- 9 || total
-------------------------+-------+-------+-------++-------
Melee: Long sword        |    61 |   151 |    43 ||   255
       Headbutt          |     6 |    25 |     6 ||    37
  Use: Scroll            |     5 |     6 |       ||    11
Armor: Scale mail        |    28 |    83 |     7 ||   118
Dodge: Dodged            |    22 |    55 |    13 ||    90
Block: Kite shield       |    39 |   114 |    36 ||   189
       Rpst.: Long sword |     8 |    13 |     5 ||    26

Table legend: (Time is in decaauts)
 A = Elapsed time spent in this place.
 B = Non-inter-level travel time spent in this place.
 C = Inter-level travel time spent in this place.
 D = Time resting spent in this place.
 E = Time spent auto-exploring this place.
 F = Levels seen in this place.
 G = Mean time per level.
                   A        B        C        D        E       F      G
               +--------+--------+--------+--------+--------+-----+--------+
         Total |   5189 |   5022 |    167 |   1320 |   2938 |   5 | 1037.8 |
       Dungeon |   4975 |   4834 |    141 |   1320 |   2758 |   4 | 1243.8 |
        Temple |    213 |    187 |     26 |      0 |    180 |   1 |  213.0 |
               +--------+--------+--------+--------+--------+-----+--------+

Top non-repeatable levels by time:
     D:3: 2418 daAuts
     D:2: 1049 daAuts
     D:1: 861 daAuts
     D:4: 646 daAuts
  Temple: 213 daAuts
